2841 views
Uploaded 2020-02-08 04:53:19
Game version 1.32 / 1.32.1
16:45 long 2on2 ladder game on (4)SynergyBigPaved
Saved by BEARAND
2841 views
Uploaded 2020-02-08 04:53:19
Game version 1.32 / 1.32.1
16:45 long 2on2 ladder game on (4)SynergyBigPaved


43 units @ 7.5k
/ 1.4k
33 buildings @ 4.1k
/ 1.9k



| Scroll of Regeneration | 2 | 200 |
| total: | 2 | 200g |
| Peasant | 6 | 450 | / | 0 |
| Footman | 5 | 675 | / | 0 |
| Rifleman | 2 | 410 | / | 60 |
| Priest | 2 | 270 | / | 20 |
| Siege Engine | 10 | 1950 | / | 600 |
| Goblin Shredder | 1 | 375 | / | 100 |
| total: | 26 | 4130g | / | 780w |
| Scout Tower | 1 | 30 | / | 20 |
| Arcane Tower | 1 | 70 | / | 50 |
| Farm | 11 | 880 | / | 220 |
| Altar of Kings | 1 | 180 | / | 50 |
| Barracks | 1 | 160 | / | 60 |
| Lumber Mill | 1 | 120 | / | 0 |
| Arcane Vault | 1 | 130 | / | 30 |
| Blacksmith | 1 | 140 | / | 60 |
| Arcane Sanctum | 2 | 300 | / | 280 |
| Workshop | 2 | 280 | / | 280 |
| Keep | 2 | 640 | / | 420 |
| Castle | 1 | 360 | / | 210 |
| total: | 21 | 2220g | / | 1000w |
| 0:02 | Peasant |
| 0:02 | Peasant |
| 0:05 | Farm |
| 0:07 | Farm |
| 0:11 | Altar of Kings |
| 0:14 | Barracks |
| 0:27 | Peasant |
| 0:38 | Peasant |
| 0:52 | Peasant |
| 1:08 | Peasant |
| 1:14 | Scout Tower |
| 1:19 | Footman |
| 1:24 | Farm |
| 1:48 | Arcane Tower |
| 1:54 | Lumber Mill |
| 2:00 | Footman |
| 2:11 | Summon Water Elemental |
| 2:52 | Footman |
| 3:14 | Keep |
| 3:19 | Arcane Vault |
| 3:20 | Footman |
| 3:23 | Farm |
| 3:44 | Brilliance Aura |
| 3:51 | Blacksmith |
| 5:09 | Iron Plating |
| 5:11 | Scroll of Regeneration |
| 5:17 | Rifleman |
| 5:22 | Farm |
| 5:35 | Improved Lumber Harvesting |
| 5:38 | Arcane Sanctum |
| 5:47 | Arcane Sanctum |
| 6:25 | Summon Water Elemental |
| 6:40 | Farm |
| 6:53 | Priest |
| 6:58 | Scroll of Regeneration |
| 7:05 | Holy Light |
| 7:13 | Footman |
| 7:31 | Steel Plating |
| 8:16 | Priest |
| 8:19 | Castle |
| 8:20 | Rifleman |
| 8:37 | Goblin Shredder |
| 8:46 | Devotion Aura |
| 9:29 | Black Gunpowder |
| 9:32 | Workshop |
| 10:20 | Workshop |
| 10:45 | Farm |
| 11:05 | Mithril Plating |
| 11:06 | Siege Engine |
| 11:08 | Siege Engine |
| 11:10 | Farm |
| 11:28 | Farm |
| 11:36 | Siege Engine |
| 11:37 | Siege Engine |
| 12:03 | Siege Engine |
| 12:05 | Siege Engine |
| 12:11 | Farm |
| 12:19 | Refined Gunpowder |
| 12:29 | Blizzard |
| 12:40 | Farm |
| 13:41 | Siege Engine |
| 13:43 | Siege Engine |
| 14:30 | Siege Engine |
| 14:30 | Siege Engine |
| 14:49 | Barrage |
| 14:53 | Imbued Gunpowder |
| 15:11 | Rain of Fire |
| Right click | 589 |
| Select | 502 |
| Misc. action | 101 |
| Build/train/purchase | 65 |
| Use ability | 19 |
| Assign group | 11 |
| Select group | 7 |
| Remove unit | 5 |
| Esc | 3 |



| Rod of Necromancy | 1 | 150 |
| Orb of Corruption | 1 | 375 |
| Boots of Speed | 1 | 250 |
| Alleria's Flute of Accuracy | 1 | 400 |
| total: | 4 | 1175g |
| Acolyte | 2 | 150 | / | 0 |
| Ghoul | 2 | 240 | / | 0 |
| Crypt Fiend | 7 | 1505 | / | 280 |
| Obsidian Statue | 4 | 800 | / | 140 |
| Abomination | 1 | 240 | / | 70 |
| Frost Wyrm | 1 | 385 | / | 120 |
| total: | 17 | 3320g | / | 610w |
| Nerubian Tower | 1 | 100 | / | 20 |
| Spirit Tower | 1 | 145 | / | 40 |
| Altar of Darkness | 1 | 180 | / | 50 |
| Ziggurat | 5 | 750 | / | 250 |
| Crypt | 1 | 200 | / | 50 |
| Tomb of Relics | 1 | 130 | / | 30 |
| Graveyard | 1 | 215 | / | 0 |
| Slaughterhouse | 1 | 140 | / | 135 |
| Sacrificial Pit | 1 | 75 | / | 150 |
| Boneyard | 1 | 175 | / | 200 |
| Halls of the Dead | 1 | 320 | / | 210 |
| Black Citadel | 1 | 325 | / | 230 |
| total: | 12 | 1865g | / | 865w |
| 0:04 | Acolyte |
| 0:04 | Acolyte |
| 0:13 | Altar of Darkness |
| 0:15 | Ziggurat |
| 0:41 | Crypt |
| 0:53 | Tomb of Relics |
| 1:22 | Graveyard |
| 1:42 | Ghoul |
| 1:51 | Ziggurat |
| 2:01 | Ghoul |
| 2:13 | Rod of Necromancy |
| 2:43 | Death Coil |
| 2:50 | Crypt Fiend |
| 3:12 | Halls of the Dead |
| 3:32 | Crypt Fiend |
| 4:04 | Crypt Fiend |
| 4:06 | Ziggurat |
| 4:09 | Nerubian Tower |
| 4:30 | Unholy Aura |
| 4:44 | Crypt Fiend |
| 5:40 | Slaughterhouse |
| 5:43 | Ziggurat |
| 6:03 | Crypt Fiend |
| 6:33 | Death Coil |
| 6:46 | Frost Nova |
| 7:03 | Obsidian Statue |
| 7:18 | Black Citadel |
| 7:21 | Crypt Fiend |
| 8:13 | Obsidian Statue |
| 8:18 | Spirit Tower |
| 9:20 | Web |
| 9:30 | Boots of Speed |
| 9:45 | Obsidian Statue |
| 9:48 | Ziggurat |
| 10:18 | Frost Armor |
| 11:12 | Alleria's Flute of Accuracy |
| 11:18 | Destroyer Form |
| 11:20 | Creature Attack |
| 12:39 | Abomination |
| 12:42 | Crypt Fiend |
| 12:45 | Unholy Aura |
| 12:57 | Orb of Corruption |
| 13:18 | Sacrificial Pit |
| 13:24 | Obsidian Statue |
| 13:47 | Improved Creature Attack |
| 14:15 | Disease Cloud |
| 14:19 | Boneyard |
| 15:10 | Howl of Terror |
| 16:22 | Frost Wyrm |
| 16:29 | Frost Nova |
| Right click | 437 |
| Select | 213 |
| Build/train/purchase | 56 |
| Use ability | 25 |
| Item give/drop | 4 |
| Minimap ping | 1 |
36 units @ 3.2k
/ 0.1k
91 buildings @ 5.5k
/ 2.7k



| Scroll of Regeneration | 2 | 200 |
| Potion of Healing | 3 | 450 |
| Staff of Sanctuary | 2 | 500 |
| Lesser Clarity Potion | 1 | 70 |
| Staff of Teleportation | 3 | 450 |
| Boots of Speed | 3 | 750 |
| Robe of the Magi +6 | 1 | 400 |
| total: | 15 | 2820g |
| Peasant | 12 | 900 | / | 0 |
| Priest | 1 | 135 | / | 10 |
| Gryphon Rider | 1 | 280 | / | 70 |
| Dragonhawk Rider | 2 | 400 | / | 60 |
| total: | 16 | 1715g | / | 140w |
| Scout Tower | 22 | 660 | / | 440 |
| Arcane Tower | 2 | 140 | / | 100 |
| Guard Tower | 16 | 1120 | / | 800 |
| Altar of Kings | 1 | 180 | / | 50 |
| Farm | 8 | 640 | / | 160 |
| Lumber Mill | 1 | 120 | / | 0 |
| Arcane Vault | 1 | 130 | / | 30 |
| Blacksmith | 1 | 140 | / | 60 |
| Barracks | 1 | 160 | / | 60 |
| Arcane Sanctum | 1 | 150 | / | 140 |
| Gryphon Aviary | 1 | 140 | / | 150 |
| Keep | 1 | 320 | / | 210 |
| Castle | 1 | 360 | / | 210 |
| total: | 37 | 2320g | / | 1090w |
| 0:02 | Peasant |
| 0:03 | Peasant |
| 0:10 | Altar of Kings |
| 0:21 | Farm |
| 0:23 | Peasant |
| 0:32 | Peasant |
| 0:57 | Farm |
| 1:00 | Peasant |
| 1:01 | Peasant |
| 1:04 | Scout Tower |
| 1:06 | Lumber Mill |
| 1:27 | Peasant |
| 1:38 | Scout Tower |
| 1:39 | Arcane Tower |
| 1:54 | Peasant |
| 1:54 | Peasant |
| 1:54 | Peasant |
| 1:58 | Scout Tower |
| 1:58 | Scout Tower |
| 2:13 | Blizzard |
| 2:21 | Guard Tower |
| 2:50 | Peasant |
| 2:51 | Peasant |
| 2:51 | Guard Tower |
| 2:52 | Scout Tower |
| 2:55 | Scout Tower |
| 2:55 | Scout Tower |
| 3:28 | Guard Tower |
| 3:28 | Guard Tower |
| 3:49 | Staff of Teleportation |
| 3:49 | Boots of Speed |
| 4:13 | Guard Tower |
| 4:14 | Keep |
| 4:17 | Farm |
| 4:18 | Farm |
| 4:18 | Farm |
| 4:29 | Brilliance Aura |
| 4:32 | Arcane Vault |
| 4:33 | Guard Tower |
| 4:34 | Scout Tower |
| 4:55 | Improved Masonry |
| 5:14 | Scroll of Regeneration |
| 5:24 | Guard Tower |
| 6:35 | Arcane Sanctum |
| 6:39 | Castle |
| 7:12 | Advanced Masonry |
| 7:12 | Improved Lumber Harvesting |
| 7:19 | Scroll of Regeneration |
| 7:36 | Storm Bolt |
| 7:56 | Priest |
| 7:57 | Priest Adept Training |
| 7:58 | Magic Sentry |
| 7:58 | Priest Master Training |
| 8:03 | Potion of Healing |
| 8:37 | Gryphon Aviary |
| 9:01 | Scout Tower |
| 9:02 | Scout Tower |
| 9:02 | Scout Tower |
| 9:02 | Scout Tower |
| 9:05 | Boots of Speed |
| 9:05 | Staff of Teleportation |
| 9:16 | Scout Tower |
| 9:16 | Scout Tower |
| 9:17 | Scout Tower |
| 9:17 | Scout Tower |
| 9:18 | Scout Tower |
| 9:18 | Scout Tower |
| 9:49 | Blizzard |
| 9:57 | Imbued Masonry |
| 10:00 | Farm |
| 10:00 | Farm |
| 10:03 | Blacksmith |
| 10:04 | Barracks |
| 10:53 | Bash |
| 10:54 | Holy Light |
| 11:02 | Robe of the Magi +6 |
| 11:10 | Guard Tower |
| 11:11 | Guard Tower |
| 11:12 | Guard Tower |
| 11:14 | Guard Tower |
| 11:17 | Arcane Tower |
| 11:41 | Staff of Sanctuary |
| 12:04 | Guard Tower |
| 13:09 | Lesser Clarity Potion |
| 13:42 | Staff of Teleportation |
| 13:42 | Boots of Speed |
| 13:49 | Iron Forged Swords |
| 13:49 | Studded Leather Armor |
| 13:50 | Gryphon Rider |
| 13:51 | Dragonhawk Rider |
| 13:52 | Dragonhawk Rider |
| 14:02 | Animal War Training |
| 14:03 | Farm |
| 14:06 | Guard Tower |
| 14:08 | Guard Tower |
| 14:36 | Guard Tower |
| 15:36 | Potion of Healing |
| 15:36 | Potion of Healing |
| 15:37 | Staff of Sanctuary |
| 16:16 | Divine Shield |
| 16:23 | Scout Tower |
| 16:24 | Scout Tower |
| 16:25 | Scout Tower |
| 16:26 | Scout Tower |
| 16:35 | Storm Bolt |
| Right click | 1436 |
| Select | 369 |
| Select group | 210 |
| Build/train/purchase | 98 |
| Chat | 64 |
| Use ability | 51 |
| Assign group | 15 |
| Minimap ping | 5 |
| Resource trade | 5 |
| Misc. action | 3 |
| Item give/drop | 2 |
| Remove unit | 1 |



| Scroll of Regeneration | 2 | 200 |
| Staff of Sanctuary | 3 | 750 |
| Orb of Fire | 1 | 325 |
| Staff of Teleportation | 1 | 150 |
| total: | 7 | 1425g |
| Peasant | 20 | 1500 | / | 0 |
| total: | 20 | 1500g | / | 0w |
| Scout Tower | 43 | 1290 | / | 860 |
| Arcane Tower | 7 | 490 | / | 350 |
| Guard Tower | 22 | 1540 | / | 1100 |
| Altar of Kings | 1 | 180 | / | 50 |
| Farm | 3 | 240 | / | 60 |
| Lumber Mill | 1 | 120 | / | 0 |
| Town Hall | 2 | 770 | / | 410 |
| Arcane Vault | 2 | 260 | / | 60 |
| Blacksmith | 1 | 140 | / | 60 |
| Arcane Sanctum | 1 | 150 | / | 140 |
| Keep | 1 | 320 | / | 210 |
| Castle | 1 | 360 | / | 210 |
| total: | 54 | 3150g | / | 1640w |
| 0:01 | Peasant |
| 0:05 | Altar of Kings |
| 0:15 | Peasant |
| 0:17 | Farm |
| 0:28 | Peasant |
| 0:39 | Peasant |
| 0:48 | Farm |
| 0:51 | Peasant |
| 1:11 | Peasant |
| 1:21 | Scout Tower |
| 1:26 | Peasant |
| 1:37 | Lumber Mill |
| 1:46 | Peasant |
| 1:50 | Arcane Tower |
| 1:59 | Peasant |
| 2:04 | Scout Tower |
| 2:17 | Summon Water Elemental |
| 3:05 | Scout Tower |
| 3:06 | Scout Tower |
| 3:07 | Scout Tower |
| 3:10 | Town Hall |
| 3:12 | Town Hall |
| 3:14 | Scout Tower |
| 3:15 | Scout Tower |
| 3:16 | Scout Tower |
| 3:22 | Scout Tower |
| 3:27 | Peasant |
| 3:27 | Peasant |
| 3:47 | Guard Tower |
| 4:27 | Brilliance Aura |
| 4:29 | Guard Tower |
| 4:37 | Scout Tower |
| 4:38 | Scout Tower |
| 4:39 | Scout Tower |
| 4:41 | Guard Tower |
| 4:42 | Peasant |
| 4:50 | Arcane Vault |
| 5:03 | Peasant |
| 5:11 | Guard Tower |
| 5:28 | Peasant |
| 5:28 | Peasant |
| 6:17 | Staff of Teleportation |
| 6:19 | Guard Tower |
| 6:23 | Keep |
| 6:34 | Scout Tower |
| 6:38 | Improved Masonry |
| 6:38 | Advanced Masonry |
| 7:24 | Guard Tower |
| 7:25 | Scout Tower |
| 7:26 | Scout Tower |
| 7:57 | Scout Tower |
| 7:57 | Scout Tower |
| 7:59 | Scout Tower |
| 7:59 | Scout Tower |
| 8:00 | Scout Tower |
| 8:01 | Scout Tower |
| 8:18 | Guard Tower |
| 8:44 | Farm |
| 8:47 | Imbued Masonry |
| 8:48 | Peasant |
| 8:48 | Peasant |
| 8:56 | Guard Tower |
| 8:57 | Castle |
| 9:03 | Scout Tower |
| 9:03 | Scout Tower |
| 9:09 | Guard Tower |
| 9:18 | Scroll of Regeneration |
| 9:19 | Guard Tower |
| 9:37 | Guard Tower |
| 9:43 | Storm Bolt |
| 9:46 | Summon Water Elemental |
| 9:54 | Guard Tower |
| 10:01 | Arcane Sanctum |
| 10:04 | Scout Tower |
| 10:05 | Scout Tower |
| 10:06 | Scout Tower |
| 10:06 | Scout Tower |
| 10:59 | Guard Tower |
| 11:01 | Guard Tower |
| 11:18 | Scroll of Regeneration |
| 11:23 | Magic Sentry |
| 11:27 | Scout Tower |
| 11:46 | Arcane Vault |
| 11:55 | Scout Tower |
| 11:56 | Scout Tower |
| 11:57 | Improved Lumber Harvesting |
| 12:02 | Guard Tower |
| 12:04 | Staff of Sanctuary |
| 12:43 | Holy Light |
| 13:18 | Peasant |
| 13:19 | Peasant |
| 13:22 | Staff of Sanctuary |
| 13:23 | Orb of Fire |
| 13:38 | Peasant |
| 13:41 | Scout Tower |
| 14:00 | Scout Tower |
| 14:02 | Scout Tower |
| 14:02 | Scout Tower |
| 14:03 | Scout Tower |
| 14:10 | Scout Tower |
| 14:14 | Scout Tower |
| 14:25 | Arcane Tower |
| 14:37 | Guard Tower |
| 14:38 | Scout Tower |
| 14:39 | Scout Tower |
| 14:40 | Scout Tower |
| 14:40 | Scout Tower |
| 14:56 | Arcane Tower |
| 14:56 | Arcane Tower |
| 14:58 | Scout Tower |
| 15:21 | Guard Tower |
| 15:32 | Arcane Tower |
| 15:33 | Scout Tower |
| 15:34 | Guard Tower |
| 15:55 | Blacksmith |
| 15:59 | Staff of Sanctuary |
| 16:12 | Brilliance Aura |
| 16:42 | Guard Tower |
| Right click | 700 |
| Select | 541 |
| Select group | 127 |
| Build/train/purchase | 117 |
| Assign group | 41 |
| Use ability | 22 |
| Minimap ping | 11 |
| Resource trade | 7 |
| Item give/drop | 3 |
| Misc. action | 2 |